 Dungeon Crawl Stone Soup version 0.20-a0-689-g860b9ab (webtiles) character file.

385690 HarryHood the Impregnable (level 21, -2/142 HPs)
             Began as a Minotaur Berserker on Feb 17, 2017.
             Was the Champion of Trog.
             Engulfed by a swamp dragon's poison gas (3 damage)
             ... on level 5 of the Abyss on Feb 19, 2017.
             The game lasted 04:04:47 (42993 turns).

HarryHood the Impregnable (Minotaur Berserker)     Turns: 42993, Time: 04:04:48

Health: -2/142     AC: 40    Str: 32    XL:     21   Next: 99%
Magic:  0/13       EV: 21    Int:  5    God:    Trog [******]
Gold:   1645       SH: 18    Dex: 19    Spells: 20/20 levels left

rFire    + + .     SeeInvis .   a - +8 whip "Muum Cya" {slash, rN+ Dex+6}
rCold    + . .     Gourm    .   Z - +8 orange crystal plate armour {Archmagi, Int+3 Clar}
rNeg     + + .     Faith    .   O - +2 shield
rPois    .         Spirit   .   (helmet restricted)
rElec    +         Reflect  .   q - +2 cloak of Uschyr {rElec rF+ Str+5}
rCorr    .         Harm     .   i - +2 pair of gloves
MR       +++..     Clarity  +   f - +2 pair of boots
Stlth    ..........             H - amulet of regeneration
Regen    1.8/turn               d - ring of protection from cold
MPRegen  0.2/turn               h - ring "Beoturol" {rF+ rN+ Int+2 Stlth+}

@: lethally poisoned (-2 -> -121), starving, regenerating
A: retaliatory headbutt, horns 2, camouflage 1, see invisible, blurry vision 2,
deformed body, dopey 2, frail 3, low mp 3, screaming 3, weak 1, subdued magic 2
}: 2/15 runes: decaying, gossamer
a: Berserk, Trog's Hand, Brothers in Arms, Burn Spellbooks, Renounce Religion


You were on level 5 of the Abyss.
You worshipped Trog.
Trog was exalted by your worship.
You were starving.

You visited 8 branches of the dungeon, and saw 38 of its levels.
You visited the Abyss 1 time.
You also visited: Wizlab.

You collected 3681 gold pieces.
You spent 2036 gold pieces at shops.

Inventory:

Hand Weapons
 a - the +8 whip "Muum Cya" (weapon) {slash, rN+ Dex+6}
   (You found it on level 10 of the Dungeon)

   It inflicts extra damage upon your enemies.
   It affects your dexterity (+6).
   It protects you from negative energy.
 b - the +7 hunting sling of Ciezeidgh {velocity, rN+ Int+3}
   (You took it off an orc warrior on level 8 of the Dungeon)

   Any stone fired from it inflicts extra damage.
   It affects your intelligence (+3).
   It protects you from negative energy.
 z - the +6 morningstar "Gorhod" {flame, Dex+2 Stlth+, unknown}
   (Trog gifted it to you on level 2 of the Depths)

   It has been specially enchanted to burn those struck by it, causing extra
   injury to most foes and up to half again as much damage against particularly
   susceptible opponents.
   It affects your dexterity (+2).
   It makes you more stealthy.
Missiles
 m - 545 sling bullets
Armour
 f - a +2 pair of boots (worn)
 i - a +2 pair of gloves (worn)
 q - the +2 cloak of Uschyr (worn) {rElec rF+ Str+5}
   (You acquired it on level 15 of the Dungeon)

   It affects your strength (+5).
   It protects you from fire.
   It insulates you from electricity.
 O - a +2 shield (worn)
 Z - the +8 orange crystal plate armour (worn) {Archmagi, Int+3 Clar}
   (You found it on level 4 of the Vaults)

   It affects your intelligence (+3).
   It protects you against confusion.
Jewellery
 d - a ring of protection from cold (right hand)
 h - the ring "Beoturol" (left hand) {rF+ rN+ Int+2 Stlth+}
   (You bought it in a shop on level 2 of the Orcish Mines)

   [ring of stealth]

   It affects your intelligence (+2).
   It protects you from fire.
   It protects you from negative energy.
   It makes you more stealthy.
 l - a +5 ring of protection
 x - an uncursed ring of resist corrosion
 C - an uncursed amulet of harm {unknown}
 H - an amulet of regeneration (around neck)
 K - an uncursed ring of protection from fire
 L - an uncursed ring of protection from magic
Scrolls
 j - a scroll of silence {unknown}
 r - 10 scrolls of identify {@r1}
 w - 12 scrolls of remove curse {@r2}
 y - a scroll of summoning
 D - 4 scrolls of fog
 M - 3 scrolls of magic mapping
 P - 7 scrolls of recharging
 R - a scroll of blinking {@r7}
 U - 2 scrolls of fear
 V - 4 scrolls of teleportation {@r0}
 X - 2 scrolls of enchant weapon
Potions
 e - 5 potions of ambrosia
 k - 4 potions of might
 n - 4 potions of flight
 o - 7 potions of agility
 t - 3 potions of magic
 v - 9 potions of lignification {!q}
 A - 4 potions of mutation {!q}
 B - 3 potions of resistance
 F - 4 potions of haste
 G - a potion of berserk rage
 I - 2 potions of invisibility
 J - 3 potions of cancellation
 N - 4 potions of brilliance
Comestibles
 c - 7 bread rations {@e1}
 g - 13 meat rations {@e1}
 p - 11 royal jellies {=g@e3}
 s - 16 fruits {@e2}


   Skills:
 + Level 21.1 Fighting
 + Level 14.4 Maces & Flails
 + Level 14.3 Slings
 + Level 21.2 Armour
 + Level 21.0 Dodging
 + Level 17.3 Shields


You had 20 spell levels left.
You didn't know any spells.

Dungeon Overview and Level Annotations

Branches:
Dungeon (15/15)            Temple (1/1) D:6            Lair (6/6) D:10
  Swamp (4/4) Lair:3       Spider (4/4) Lair:4        Slime (0/5) Lair:6
    Orc (2/2) D:10            Elf (0/3) Orc:2        Vaults (4/5) D:13
  Crypt (0/3) Vaults:2     Depths (2/5) D:15

Altars:
Ashenzari
Dithmenos
Elyvilon
Gozag
Kikubaaqudgha
Makhleb
Nemelex Xobeh
Okawaru
Sif Muna
Trog
Uskayaw
Vehumet
Xom
Yredelemnul
Jiyva

Shops:
D:6 ?   D:7 ?   D:15 *(?(!   Orc:2 =*%*

Portals:
Hell: Depths:1 Depths:2
Abyss: Depths:2
Pandemonium: Depths:1
Trove: D:12 (give +4 demon whip)

Annotations:
Swamp:4 Jorgrun


Innate Abilities, Weirdness & Mutations

You reflexively headbutt those who attack you in melee.
You have a pair of horns on your head.
Your skin changes colour to match your surroundings (Stealth+).
You have supernaturally acute eyesight. (SInv)
You are weak. (Str -2)
[Scrolls take you longer to read.]
[Armour fits poorly on your strangely shaped body.]
[You are very dopey. (Int -4)]
[You are extremely frail. (-30% HP)]
[Your magical capacity is extremely low. (-30% MP)]
[You frequently scream uncontrollably at your foes.]
[Your spells are easier to cast, but less powerful.]


Message History

The small abomination is destroyed!
Trog accepts your kill.
A large abomination comes into view.
You scream at the large abomination!
Your unstable footing causes you to fumble your attack.
You are engulfed in poison gas.
You are more poisoned.
* * * LOW HITPOINT WARNING * * *
x2 You feel very sick.
You hear a shout!
Something hits you!
* * * LOW HITPOINT WARNING * * *
You feel your power leaking away. The swamp dragon bites your cyclops!
The swamp dragon claws your cyclops.
The swamp dragon barely misses your cyclops.
You hit the swamp dragon but do no damage.
The swamp dragon is severely wounded.
You are engulfed in poison gas.
You are more poisoned.
You die...

. .......
.#.##..XX.##
#.#.X## ...#
##.##..§.## .
.....#X# ..
#.#≈XX# # ..
≈#.#.§X*X§...
. #≈≈≈≈CD{##
. #≈≈≈§W@≈♣#
..#
#..##§*### .#
#...≈§.
####.. .#
.$.. .# . ##.
.# #...#. *#
# ..#.. #


You could see 5 starcursed masses, 2 wretched stars, a swamp dragon, 2 large
abominations, a freezing wraith and a friendly cyclops (berserk).

Vanquished Creatures
  Mara (Depths:2)
  Rupert (D:13)
  A titan (Vaults:4)
  2 liches
  3 tentacled starspawn
  Frances (D:13)
  An Executioner (Abyss:3)
  A thorn hunter (Swamp:4)
  A shadow dragon (Vaults:4)
  A fire giant (Vaults:4)
  6 vault wardens
  4 frost giants
  3 ghost moths (Spider:4)
  4 deep elf sorcerers
  A caustic shrike zombie (Depths:2)
  2 emperor scorpions (Spider:4)
  17 ironheart preservers
  An ophan (Abyss:2)
  10 stone giants
  4 entropy weavers
  14 very ugly things
  A vampire knight (Vaults:2)
  A deep elf demonologist (Vaults:3)
  A lorocyproca (Depths:2)
  A spark wasp (Spider:3)
  A deep elf annihilator (Vaults:3)
  Azrael (D:14)
  5 ettins
  3 eidola
  A quicksilver dragon zombie (Abyss:3)
  3 fire dragons
  Josephine (D:11)
  11 yaktaur captains
  Harold (Lair:2)
  5 great orbs of eyes
  6 ice dragons
  5 vault guards
  6 rakshasas
  22 hydras
  The ghost of Buane the Transmogrifier, a journeyman MfTm of Okawaru (D:10)
  A hell beast (Depths:1)
  A ghost crab (Swamp:1)
  A spriggan air mage (Depths:2)
  4 death knights
  6 alligators
  8 deep troll shamans
  12 centaur warriors
  9 ogre magi
  5 tengu warriors
  4 orc high priests (Orc:2)
  30 two-headed ogres
  7 death yaks (Lair:6)
  A satyr (shapeshifter) (Vaults:2)
  3 vampire magi
  7 thrashing horrors
  A death yak (shapeshifter) (Vaults:4)
  Urug (D:11)
  11 deep troll earth magi
  A hell knight (Abyss:2)
  A sun demon (Abyss:4)
  4 deep elf knights
  Sonja (Orc:2)
  A fire crab (shapeshifter) (Vaults:1)
  6 wretched stars
  2 sixfirhies
  A death drake (Abyss:3)
  2 iron trolls
  4 skeletal warriors
  4 wizards
  2 shadow wraiths
  An unseen horror (shapeshifter) (Vaults:4)
  4 flayed ghosts
  11 large abominations
  10 swamp dragons
  An anaconda zombie (Abyss:2)
  4 unseen horrors
  2 spriggan druids
  23 deep trolls
  10 deep elf archers
  8 glowing orange brains
  Pikel (D:7)
  2 shambling mangroves
  2 phantasmal warriors
  8 ironbrand convokers
  22 orc knights
  4 necromancers
  12 orb spiders
  A fire giant zombie (Depths:2)
  2 wolf spider zombies
  An iron dragon zombie (Abyss:2)
  A cyclops (shapeshifter) (D:13)
  An orc sorcerer (Vaults:2)
  15 deep elf magi
  27 wolf spiders
  2 salamanders (shapeshifter)
  55 ugly things
  A manticore (shapeshifter) (Vaults:4)
  3 manticores
  8 cyclopes
  10 elephants
  A worldbinder (Abyss:3)
  A moth of wrath (Spider:4)
  A rust devil (Depths:1)
  A torpor snail (Lair:6)
  An elephant (shapeshifter) (Vaults:1)
  Psyche (D:11)
  2 smoke demons
  19 eyes of devastation (Depths:2)
  2 black mambas (Lair:4)
  42 spiny frogs
  An eye of devastation (shapeshifter) (Vaults:3)
  11 vault sentinels
  A hellion (Abyss:5)
  An orange demon (Abyss:2)
  2 gargoyles (D:14)
  2 kobold demonologists
  5 spectral swamp worms (Depths:2)
  The ghost of goregoyle the Conjurer, a novice DrCj (D:5)
  16 demonic crawlers
  14 freezing wraiths
  8 komodo dragons
  2 rime drakes
  2 ice devils
  A komodo dragon (shapeshifter) (Vaults:1)
  2 efreet
  45 yaktaurs
  A red devil (Depths:1)
  A yaktaur (shapeshifter) (Vaults:2)
  An ancient zyme (Abyss:2)
  A spriggan skeleton (Depths:2)
  5 trolls
  26 jumping spiders
  A meliai (Abyss:3)
  A queen bee (D:14)
  8 tyrant leeches
  A hornet (shapeshifter) (Vaults:3)
  9 raiju (Abyss:2)
  4 hippogriffs
  9 hornets
  23 blink frogs
  40 slime creatures
  Prince Ribbit (Lair:2)
  7 bog bodies
  A frost giant simulacrum (Abyss:5)
  A flying skull (Vaults:2)
  A tarantella (shapeshifter) (Vaults:3)
  58 redbacks
  6 spriggans
  A shadow (D:15)
  18 tarantellas
  3 water elementals
  5 ynoxinuls
  13 starcursed masses
  A vampire (D:7)
  53 yaks
  10 wraiths
  A wyvern (D:13)
  3 fire elementals (D:14)
  A yak (shapeshifter) (Vaults:3)
  4 basilisks
  A fire bat (Abyss:3)
  6 golden eyes
  2 hungry ghosts
  A hog (shapeshifter) (Vaults:3)
  A human (shapeshifter) (D:15)
  A basilisk (shapeshifter) (Vaults:3)
  2 neqoxecs
  6 chaos spawn
  A fire bat (shapeshifter) (Vaults:1)
  15 swamp worms
  18 vampire mosquitoes
  5 wargs
  13 water moccasins
  A hell hound (D:14)
  A soldier ant (shapeshifter) (Vaults:2)
  A human skeleton (Depths:2)
  3 porcupines
  A floating eye (shapeshifter) (Abyss:2)
  14 swamp drakes
  3 sky beasts
  An ettin simulacrum (Vaults:2)
  6 ice beasts
  A black bear (D:7)
  54 orc warriors
  20 boggarts
  3 eyes of draining
  A necrophage (D:8)
  33 ogres
  25 centaurs
  25 wolves
  10 crocodiles
  8 big kobolds
  21 bullfrogs
  7 small abominations
  4 scorpions
  31 killer bees
  7 wights
  3 electric eels
  2 howler monkeys (D:6)
  4 crimson imps
  3 centaur zombies
  2 bullfrog zombies
  A quasit (Abyss:2)
  4 jellies
  30 orc priests
  7 hounds
  2 gnoll shamans (D:12)
  2 iron imps (Abyss:2)
  13 orc wizards
  A bullfrog skeleton (D:6)
  4 centaur skeletons
  Natasha (thrice) (D:2)
  10 worker ants
  Ijyb (D:3)
  2 iguanas
  A killer bee zombie (D:4)
  2 hound skeletons
  11 gnolls
  A howler monkey skeleton (D:8)
  10 adders
  8 shadow imps
  A white imp (Abyss:3)
  An ufetubus (Abyss:2)
  An ooze (D:5)
  An adder skeleton (D:9)
  An adder zombie (D:8)
  4 worms
  3 dart slugs
  6 leopard geckos
  96 orcs
  13 bats
  2 giant cockroaches
  9 goblins
  5 hobgoblins
  11 jackals
  3 quokkas
  3 ball pythons
  6 frilled lizards
  2 jackal zombies
  21 kobolds
  5 rats
  4 plants
  2 starspawn tentacles (Abyss:2)
1732 creatures vanquished.

Vanquished Creatures (collateral kills)
  A ghost moth (Spider:4)
  A vault warden (Vaults:2)
  3 emperor scorpions (Spider:4)
  2 ironheart preservers
  A deep elf annihilator (Vaults:1)
  A deep elf death mage (Vaults:1)
  A vault guard (Vaults:2)
  A death yak (Lair:6)
  A death knight (D:11)
  An ogre mage (Vaults:4)
  An orc high priest (Orc:2)
  A fire crab (shapeshifter) (D:13)
  A skeletal warrior (D:11)
  A deep troll (Depths:1)
  A deep elf mage (Vaults:1)
  An ugly thing (Depths:1)
  A salamander (shapeshifter) (D:13)
  2 spiny frogs (Lair:6)
  A freezing wraith (D:11)
  An efreet (Abyss:5)
  A wind drake (shapeshifter) (Vaults:3)
  A tyrant leech (Swamp:4)
  A jumping spider (Spider:4)
  2 slime creatures (Depths:1)
  A redback (Spider:4)
  A wraith (Vaults:1)
  A large abomination (Abyss:5)
  2 tarantellas (Spider:4)
  A vampire mosquito (Swamp:4)
  A warg (Vaults:3)
  An orc warrior (Orc:2)
  A swamp drake (Swamp:4)
  An eye of draining (Abyss:5)
  An ogre (shapeshifter) (Vaults:1)
  A boggart (Vaults:3)
  5 starcursed masses (Abyss:5)
  2 orc priests (Orc:2)
  A bullfrog skeleton (D:11)
  2 small abominations (Abyss:5)
  2 orcs
53 creatures vanquished.

Vanquished Creatures (others)
  A thrashing horror (Abyss:3)
  A deep elf knight (Vaults:3)
  A redback (Spider:4)
  A spriggan (Swamp:4)
  A chaos spawn (Abyss:5)
  A neqoxec (Abyss:2)
  A swamp worm (Swamp:4)
  A slave (D:7)
  2 boggarts (Vaults:3)
  A scorpion (D:7)
  A crimson imp (D:7)
  A hound (D:7)
  A worker ant (D:7)
  2 adders
  An ooze (D:7)
  An adder skeleton (D:7)
  An orc (D:4)
  A ball python (D:7)
  7 fungi
  A lurking horror (WizLab)
  15 plants
  8 starspawn tentacles (Abyss:2)
51 creatures vanquished.

Grand Total: 1836 creatures vanquished

Notes
Turn   | Place    | Note
-------+----------+-------------------------------------------
     0 | D:1      | HarryHood the Minotaur Berserker began the quest for the Orb.
     0 | D:1      | Reached XP level 1. HP: 19/19 MP: 0/0
    46 | D:1      | Reached skill level 4 in Fighting
    78 | D:1      | Reached XP level 2. HP: 24/28 MP: 1/1
   490 | D:1      | Reached skill level 5 in Fighting
   576 | D:1      | Reached XP level 3. HP: 36/36 MP: 2/2
   603 | D:1      | Reached ** piety under Trog
   830 | D:2      | Noticed Natasha
   839 | D:2      | Killed Natasha
   876 | D:2      | Found a shimmering altar of Xom.
   878 | D:2      | Reached XP level 4. HP: 44/44 MP: 3/3
   914 | D:2      | Reached skill level 6 in Fighting
  1118 | D:2      | Reached skill level 4 in Maces & Flails
  1138 | D:2      | Found a faded altar of an unknown god.
  1202 | D:2      | Noticed Natasha
  1210 | D:2      | Killed Natasha
  1248 | D:2      | Found a shadowy altar of Dithmenos.
  1255 | D:2      | Found an opulent altar of Gozag.
  1339 | D:2      | Noticed Natasha
  1345 | D:2      | Killed Natasha
  1345 | D:2      | Reached skill level 5 in Maces & Flails
  1345 | D:2      | Reached XP level 5. HP: 37/50 MP: 4/4
  1541 | D:3      | Noticed Ijyb
  1552 | D:3      | Killed Ijyb
  1562 | D:3      | Reached skill level 6 in Maces & Flails
  1691 | D:3      | Reached *** piety under Trog
  2057 | D:4      | Found a bloodstained altar of Trog.
  2062 | D:4      | Reached skill level 3 in Armour
  2101 | D:4      | Reached XP level 6. HP: 56/57 MP: 5/5
  2173 | D:4      | Found a basalt altar of Yredelemnul.
  2297 | D:4      | Reached skill level 4 in Armour
  2396 | D:4      | Reached skill level 5 in Armour
  2425 | D:4      | Found a shimmering altar of Xom.
  2539 | D:4      | Reached skill level 6 in Armour
  2758 | D:5      | Entered Level 5 of the Dungeon
  2758 | D:5      | Noticed goregoyle's ghost (novice DrCj)
  2772 | D:5      | Killed goregoyle's ghost
  2772 | D:5      | Reached skill level 7 in Armour
  2772 | D:5      | Reached XP level 7. HP: 63/63 MP: 6/6
  2907 | D:5      | Reached skill level 8 in Armour
  3228 | D:5      | Reached **** piety under Trog
  3442 | D:6      | Upgraded the game from 0.20-a0-672-gd6c3c51 to 0.20-a0-681-gf83e07f
  3443 | D:6      | Found a staircase to the Ecumenical Temple.
  3454 | Temple   | Entered the Ecumenical Temple
  3487 | D:6      | Reached skill level 3 in Dodging
  3544 | D:6      | Reached XP level 8. HP: 68/70 MP: 7/7
  3553 | D:6      | Reached skill level 4 in Dodging
  3641 | D:6      | Found Holutu's Magic Scroll Shoppe.
  3646 | D:6      | Bought a scroll of remove curse for 42 gold pieces
  3683 | D:6      | Reached skill level 5 in Dodging
  3728 | D:6      | Reached skill level 6 in Dodging
  3758 | D:6      | Found an iron altar of Okawaru.
  3765 | D:6      | Reached skill level 7 in Fighting
  3831 | D:6      | Found a sparkling altar of Nemelex Xobeh.
  3918 | D:6      | Found a radiant altar of Vehumet.
  3918 | D:6      | Found a white marble altar of Elyvilon.
  3920 | D:6      | Found a deep blue altar of Sif Muna.
  4111 | D:7      | Reached skill level 8 in Fighting
  4130 | D:7      | Noticed Pikel
  4152 | D:7      | Killed Pikel
  4152 | D:7      | Reached skill level 9 in Fighting
  4152 | D:7      | Reached XP level 9. HP: 57/85 MP: 8/8
  4153 | D:7      | Found Xoly's Magic Scroll Shop.
  4434 | D:7      | Reached skill level 7 in Maces & Flails
  4849 | D:7      | Reached skill level 8 in Maces & Flails
  5328 | D:8      | Reached ***** piety under Trog
  5335 | D:8      | Reached skill level 9 in Maces & Flails
  5368 | D:8      | Reached skill level 9 in Armour
  5672 | D:8      | Found an ancient bone altar of Kikubaaqudgha.
  5814 | D:8      | Found a burning altar of Makhleb.
  5816 | D:8      | Received a gift from Trog
  5888 | D:8      | Reached skill level 7 in Dodging
  5903 | D:8      | Noticed a two-headed ogre
  5911 | D:8      | Killed a two-headed ogre
  5911 | D:8      | Reached skill level 8 in Dodging
  5911 | D:8      | Reached XP level 10. HP: 92/92 MP: 9/9
  5927 | D:8      | Got an iridescent hunting sling
  5927 | D:8      | Got a distressingly furry scale mail
  5932 | D:8      | Identified the +7 hunting sling of Ciezeidgh {velocity, rN+ Int+3} (You took it off an orc warrior on level 8 of the Dungeon)
  5966 | D:8      | Identified the +4 scale mail "Exiv" {rN+ Int+3} (You took it off an orc warrior on level 8 of the Dungeon)
  6060 | D:8      | Noticed a two-headed ogre
  6068 | D:8      | Killed a two-headed ogre
  6068 | D:8      | Reached skill level 9 in Dodging
  6078 | D:8      | Found a hide-covered altar of Uskayaw.
  6682 | D:9      | Reached skill level 10 in Maces & Flails
  6883 | D:9      | Noticed a two-headed ogre
  6895 | D:9      | Killed a two-headed ogre
  6895 | D:9      | Reached skill level 11 in Maces & Flails
  7122 | D:9      | Received a gift from Trog
  7291 | D:10     | Entered Level 10 of the Dungeon
  7335 | D:10     | Reached skill level 12 in Maces & Flails
  7341 | D:10     | Reached skill level 10 in Fighting
  7387 | D:10     | Reached XP level 11. HP: 76/101 MP: 10/10
  7461 | D:10     | Reached skill level 11 in Fighting
  7753 | D:10     | Found a staircase to the Orcish Mines.
  7813 | D:10     | Noticed Buane's ghost (journeyman MfTm)
  7842 | D:10     | Killed Buane's ghost
  7850 | D:10     | Found a staircase to the Lair.
  7940 | D:10     | Reached skill level 12 in Fighting
  7997 | D:10     | Reached skill level 1 in Slings
  8034 | D:10     | Got a slimy whip
  8035 | D:10     | Identified the +8 whip "Muum Cya" {slash, rN+ Dex+6} (You found it on level 10 of the Dungeon)
  8189 | D:11     | Reached skill level 2 in Slings
  8402 | D:11     | Reached skill level 10 in Armour
  8422 | D:11     | Noticed Josephine
  8434 | D:11     | Noticed Psyche
  8438 | D:11     | Killed Josephine
  8438 | D:11     | Reached skill level 3 in Slings
  8442 | D:11     | Killed Psyche
  8451 | D:11     | Reached skill level 11 in Armour
  8506 | D:11     | Noticed a skeletal warrior
  8508 | D:11     | Noticed a skeletal warrior
  8510 | D:11     | Noticed a skeletal warrior
  8528 | D:11     | Killed a skeletal warrior
  8528 | D:11     | Reached skill level 4 in Slings
  8532 | D:11     | Killed a skeletal warrior
  8538 | D:11     | Killed a skeletal warrior
  8607 | D:11     | Received a gift from Trog
  8614 | D:11     | Reached skill level 5 in Slings
  8614 | D:11     | Reached skill level 12 in Armour
  8614 | D:11     | Reached XP level 12. HP: 50/112 MP: 11/11
  8708 | D:11     | Noticed Urug
  8745 | D:11     | Killed Urug
  8819 | D:11     | Reached skill level 10 in Dodging
  8965 | D:11     | Noticed a death knight
  8976 | D:11     | Killed a death knight
  9390 | D:11     | Reached skill level 6 in Slings
  9476 | D:12     | Reached skill level 11 in Dodging
  9756 | D:12     | Received a gift from Trog
 10133 | D:12     | Reached skill level 12 in Dodging
 10333 | D:12     | Found a portal to a secret trove of treasure.
 10560 | D:12     | Reached skill level 13 in Fighting
 10751 | Lair:1   | Entered Level 1 of the Lair of Beasts
 10867 | Lair:1   | Noticed an eight-headed hydra
 10883 | Lair:1   | Killed an eight-headed hydra
 10888 | Lair:1   | Reached skill level 14 in Fighting
 11231 | Lair:1   | Reached XP level 13. HP: 125/125 MP: 12/12
 11817 | Lair:2   | Noticed Prince Ribbit
 11834 | Lair:2   | Reached skill level 15 in Fighting
 11837 | Lair:2   | Killed Prince Ribbit
 11837 | Lair:2   | Reached ****** piety under Trog
 11938 | Lair:2   | Noticed Harold
 11965 | Lair:2   | Killed Harold
 11965 | Lair:2   | Received a gift from Trog
 12481 | Lair:3   | Reached skill level 13 in Armour
 12721 | Lair:3   | Found a staircase to the Swamp.
 13052 | Lair:4   | Received a gift from Trog
 13201 | Lair:4   | Reached skill level 14 in Armour
 13326 | Lair:4   | Reached skill level 15 in Armour
 13463 | Lair:4   | Found a hole to the Spider Nest.
 13714 | Lair:4   | Received a gift from Trog
 14139 | Lair:5   | Reached skill level 13 in Dodging
 14401 | Lair:5   | Reached XP level 14. HP: 108/135 MP: 13/13
 14923 | Orc:1    | Entered Level 1 of the Orcish Mines
 14936 | Orc:1    | Received a gift from Trog
 15351 | D:13     | Found a gate to the Vaults.
 15368 | D:13     | Reached skill level 14 in Dodging
 15477 | D:13     | Noticed Frances
 15498 | D:13     | Killed Frances
 15586 | D:13     | Noticed Rupert
 15596 | D:13     | Killed Rupert
 15798 | D:14     | Found a labyrinth entrance.
 15811 | D:14     | Reached skill level 15 in Dodging
 15856 | D:14     | Received a gift from Trog
 15974 | D:14     | Noticed Azrael
 15992 | D:14     | Killed Azrael
 16092 | D:14     | Reached skill level 7 in Slings
 16415 | D:14     | Reached skill level 16 in Fighting
 16473 | D:15     | Entered Level 15 of the Dungeon
 16616 | D:15     | Found Wociseme's Antique Weapon Shop.
 16622 | D:15     | Found Zalloud's Distillery.
 16638 | D:15     | Gained mutation: You are agile. (Dex +2) [potion of mutation]
 16638 | D:15     | Gained mutation: You have large cloven feet. [potion of mutation]
 16638 | D:15     | Gained mutation: You are partially covered in iridescent scales. (AC +2) [potion of mutation]
 16690 | D:15     | Reached skill level 8 in Slings
 16707 | D:15     | Found Ruonku's Assorted Antiques.
 16762 | D:15     | Found Puohiutu's Magic Scroll Shoppe.
 16793 | D:15     | Bought a scroll of acquirement for 780 gold pieces
 16863 | D:15     | Found Lusatoge's Weapon Shop.
 16895 | D:15     | Got a twisted cloak
 16909 | D:15     | Identified the +2 cloak of Uschyr {rElec rF+ Str+5} (You acquired it on level 15 of the Dungeon)
 16910 | D:15     | Found a staircase to the Depths.
 16910 | D:15     | Noticed a frost giant
 16921 | D:15     | Killed a frost giant
 17012 | D:15     | Reached XP level 15. HP: 100/145 MP: 14/14
 17283 | D:10     | Received a gift from Trog
 17312 | Orc:2    | Entered Level 2 of the Orcish Mines
 17671 | Orc:2    | Noticed Sonja
 17680 | Orc:2    | Killed Sonja
 17730 | Orc:2    | Found a staircase to the Elven Halls.
 18012 | Orc:2    | Reached skill level 17 in Fighting
 18205 | Orc:2    | Reached skill level 9 in Slings
 18281 | Orc:2    | Received a gift from Trog
 18382 | Orc:2    | Found Eplarheb's Jewellery Emporium.
 18382 | Orc:2    | Found Qaevad's Assorted Antiques.
 18383 | Orc:2    | Found Xioba's General Store.
 18383 | Orc:2    | Found Pyalemomi's Food Shoppe.
 18399 | Orc:2    | Bought the ring "Beoturol" {rF+ rN+ Int+2 Stlth+} for 718 gold pieces
 18502 | Orc:2    | Bought a dented fluorescent amulet for 160 gold pieces
 18778 | Orc:2    | Reached skill level 16 in Armour
 18986 | Lair:6   | Entered Level 6 of the Lair of Beasts
 19124 | Lair:6   | Found a viscous altar of Jiyva.
 19124 | Lair:6   | Found a staircase to the Slime Pits.
 19232 | Lair:6   | Reached skill level 17 in Armour
 19401 | Lair:6   | Received a gift from Trog
 19474 | Lair:6   | Reached skill level 18 in Armour
 20167 | Swamp:1  | Entered Level 1 of the Swamp
 20577 | Swamp:1  | Reached XP level 16. HP: 137/155 MP: 15/15
 20875 | Swamp:1  | Reached skill level 16 in Dodging
 20918 | Swamp:2  | Received a gift from Trog
 21844 | Swamp:3  | Found a frozen archway.
 21854 | Swamp:3  | Reached skill level 1 in Shields
 21894 | Swamp:3  | Reached skill level 2 in Shields
 21926 | Swamp:3  | Reached skill level 3 in Shields
 22000 | Swamp:3  | Reached skill level 4 in Shields
 22492 | Swamp:4  | Entered Level 4 of the Swamp
 22576 | Swamp:4  | Reached skill level 17 in Dodging
 22581 | Swamp:4  | Received a gift from Trog
 22615 | Swamp:4  | HP: 15/155 [six-headed hydra (12)]
 22616 | Swamp:4  | HP: 5/155 [five-headed hydra (9)]
 23098 | Swamp:4  | Noticed a thorn hunter
 23112 | Swamp:4  | Killed a thorn hunter
 23122 | Swamp:4  | Reached skill level 18 in Fighting
 23143 | Swamp:4  | Reached skill level 10 in Slings
 23154 | Swamp:4  | Got a decaying rune of Zot
 23516 | Swamp:4  | Noticed Jorgrun
 23730 | Spider:1 | Entered Level 1 of the Spider Nest
 23985 | Spider:1 | Reached skill level 11 in Slings
 23990 | Spider:1 | Received a gift from Trog
 25308 | Spider:2 | Reached skill level 12 in Slings
 25308 | Spider:2 | Reached XP level 17. HP: 140/163 MP: 16/16
 25826 | Spider:3 | Received a gift from Trog
 26245 | Spider:4 | Entered Level 4 of the Spider Nest
 26352 | Spider:3 | Reached skill level 18 in Dodging
 26925 | Spider:4 | Received a gift from Trog
 27200 | Spider:4 | Received a gift from Trog
 27230 | Spider:4 | Reached skill level 19 in Fighting
 27545 | Spider:4 | Got a gossamer rune of Zot
 27947 | Depths:1 | Entered Level 1 of the Depths
 27947 | Depths:1 | Found a gateway to Hell.
 27982 | Depths:1 | HP: 23/252 [stone giant (25)]
 28207 | Depths:1 | Reached skill level 20 in Fighting
 28250 | Depths:1 | Found a magical portal.
 28259 | WizLab   | Entered The Roulette of Golubria
 28261 | WizLab   | Found a corrupted altar of Lugonu.
 28492 | Depths:1 | Found an iron altar of Okawaru.
 28600 | Depths:1 | Received a gift from Trog
 28799 | Depths:1 | Reached skill level 5 in Shields
 28976 | Depths:1 | Found a shattered altar of Ashenzari.
 29068 | Depths:1 | Reached XP level 18. HP: 104/178 MP: 17/17
 29243 | Depths:1 | Gained mutation: [Armour fits poorly on your strangely shaped body.] [a neqoxec]
 29245 | Depths:1 | Found a one-way gate leading to the halls of Pandemonium.
 29248 | Depths:1 | Received a gift from Trog
 29358 | Depths:1 | Reached skill level 19 in Armour
 29456 | Depths:1 | Reached skill level 6 in Shields
 29745 | Vaults:1 | Entered Level 1 of the Vaults
 30133 | Vaults:1 | Reached skill level 7 in Shields
 30678 | Vaults:1 | Received a gift from Trog
 30734 | Vaults:1 | Reached skill level 20 in Armour
 30734 | Vaults:1 | Reached skill level 8 in Shields
 31156 | Vaults:1 | Received a gift from Trog
 31361 | Vaults:1 | Reached skill level 9 in Shields
 32194 | Vaults:2 | Lost mutation: You are agile. (Dex +2) [potion of mutation]
 32194 | Vaults:2 | Lost mutation: You have large cloven feet. [potion of mutation]
 32194 | Vaults:2 | Lost mutation: [Armour fits poorly on your strangely shaped body.] [potion of mutation]
 32194 | Vaults:2 | Gained mutation: [You are dopey. (Int -2)] [potion of mutation]
 32194 | Vaults:2 | Gained mutation: Potions are less effective at restoring your health. [potion of mutation]
 32194 | Vaults:2 | Gained mutation: You are somewhat resistant to further mutation. [potion of mutation]
 32195 | Vaults:2 | Lost mutation: You are somewhat resistant to further mutation. [potion of mutation]
 32195 | Vaults:2 | Lost mutation: You are partially covered in iridescent scales. (AC +2) [potion of mutation]
 32195 | Vaults:2 | Lost mutation: [You are dopey. (Int -2)] [potion of mutation]
 32195 | Vaults:2 | Lost mutation: Potions are less effective at restoring your health. [potion of mutation]
 32195 | Vaults:2 | Gained mutation: You have supernaturally acute eyesight. (SInv) [potion of mutation]
 32195 | Vaults:2 | Gained mutation: Your skin changes colour to match your surroundings (Stealth+). [potion of mutation]
 32316 | Vaults:2 | Reached skill level 19 in Dodging
 32316 | Vaults:2 | Reached skill level 10 in Shields
 32351 | Vaults:2 | Reached XP level 19. HP: 94/185 MP: 18/18
 32520 | Vaults:2 | Received a gift from Trog
 32815 | Vaults:2 | Received a gift from Trog
 32921 | Vaults:2 | Received a gift from Trog
 33147 | Vaults:2 | Reached skill level 11 in Shields
 33420 | Vaults:2 | Reached skill level 20 in Dodging
 33660 | Vaults:2 | Reached skill level 12 in Shields
 33827 | Vaults:2 | Received a gift from Trog
 33897 | Vaults:2 | Reached skill level 13 in Shields
 33912 | Vaults:2 | Received a gift from Trog
 34175 | Vaults:2 | Found a staircase to the Crypt.
 34770 | Vaults:3 | Reached skill level 14 in Shields
 35387 | Vaults:3 | Reached skill level 15 in Shields
 35546 | Vaults:3 | Identified the cursed +2 mace of Debt {flame, rF+ Dex+2} (You found it on level 3 of the Vaults)
 35585 | Vaults:3 | Received a gift from Trog
 35846 | Vaults:3 | Reached XP level 20. HP: 193/193 MP: 19/19
 35904 | Vaults:3 | Paralysed by a hornet for 3 turns
 36800 | Vaults:4 | Upgraded the game from 0.20-a0-681-gf83e07f to 0.20-a0-689-g860b9ab
 36849 | Vaults:4 | Received a gift from Trog
 37246 | Vaults:4 | Received a gift from Trog
 37408 | Vaults:4 | Received a gift from Trog
 37866 | Vaults:4 | Received a gift from Trog
 37877 | Vaults:4 | Reached skill level 13 in Maces & Flails
 38072 | Vaults:4 | Reached skill level 13 in Slings
 38352 | Vaults:4 | Received a gift from Trog
 38779 | Vaults:1 | Reached skill level 16 in Shields
 38941 | D:15     | Bought a scroll of enchant weapon for 112 gold pieces
 38941 | D:15     | Bought a scroll of enchant armour for 112 gold pieces
 38941 | D:15     | Bought a scroll of enchant armour for 112 gold pieces
 39366 | Depths:2 | Paralysed by a vampire knight for 2 turns
 39565 | Depths:2 | Paralysed by a great orb of eyes for 3 turns
 39700 | Depths:2 | Reached XP level 21. HP: 202/202 MP: 20/20
 39817 | Depths:2 | Received a gift from Trog
 40106 | Depths:2 | Received a gift from Trog
 40194 | Depths:2 | Found a one-way gate to the infinite horrors of the Abyss.
 40394 | Depths:2 | Lost intelligence.
 40449 | Depths:2 | HP: 18/202 [disintegration (44)]
 40604 | Depths:2 | Received a gift from Trog
 40609 | Depths:2 | Got a dazzling morningstar {god gift}
 40674 | Depths:2 | Noticed Mara
 40675 | Depths:2 | Noticed HarryHood's illusion
 40716 | Depths:2 | Killed Mara
 41014 | Depths:2 | Reached skill level 14 in Maces & Flails
 41268 | Depths:2 | Voluntarily entered the Abyss.
 41514 | Abyss:2  | Lost intelligence.
 41602 | Abyss:2  | Reached skill level 21 in Armour
 41866 | Abyss:2  | Reached skill level 21 in Fighting
 41900 | Abyss:2  | Received a gift from Trog
 42017 | Abyss:2  | Reached skill level 17 in Shields
 42125 | Abyss:2  | Reached skill level 14 in Slings
 42170 | Abyss:3  | Received a gift from Trog
 42410 | Abyss:3  | Gained mutation: [You occasionally shout uncontrollably at your foes.] [a neqoxec]
 42412 | Abyss:3  | Gained mutation: You are weak. (Str -2) [a neqoxec]
 42464 | Abyss:3  | Paralysed by accursed screaming for 1 turns
 42485 | Abyss:3  | Reached skill level 21 in Dodging
 42486 | Abyss:3  | HP: 19/204 [starcursed mass/accursed screaming (7)]
 42618 | Abyss:3  | Received a gift from Trog
 42699 | Abyss:4  | Found a corrupted altar of Lugonu.
 42774 | Abyss:4  | Received a gift from Trog
 42791 | Abyss:5  | Entered Level 5 of the Abyss
 42887 | Abyss:5  | Paralysed by accursed screaming for 1 turns
 42897 | Abyss:5  | Paralysed by accursed screaming for 2 turns
 42932 | Abyss:5  | Received a gift from Trog
 42992 | Abyss:5  | HP: 11/142 [poisoned by a swamp dragon (poison gas)]
 42992 | Abyss:5  | HP: 1/142 [something (10)]
 42993 | Abyss:5  | Engulfed by a swamp dragon's poison gas

Vault maps used:
D:1:      minmay_arrival_up_and_down, minmay_tetromino_t4
D:2:      old_standard_altar, chequers_temple_overflow_statue_of_worship,
          chequers_ecumenical_altar_lobes, uniq_natasha
D:3:      minmay_misc_feat_cross, uniq_iyjb
D:4:      lightli_temple_of_fire, lemuel_round_altar, first_bread,
          xom_confusion_cloud
D:6:      lemuel_doored_altar, grunt_temple_overflow_open, temple_pool_b,
          serial_shops, shop, nemelex_spade_bored_becter
D:7:      serial_shops, shop, uniq_pikel
D:8:      kennysheep_little_box, makhleb_grotto_becter,
          eat_drink_and_be_merry_uskayaw
D:9:      wad_pebble_path
D:10:     dpeg_oklobed_lair, nrook_loot_triangle
D:11:     uniq_josephine, uniq_urug, uniq_psyche
D:12:     kennysheep_seaside_town, nicolae_trove_entry_free_sample, special_room
D:13:     david_vaults_2, uniq_frances, uniq_rupert
D:14:     lab_entry_generic, david_nohive_1, corexii_leaking_fountain,
          roderic_st_hans_cross, minmay_misc_feat_ornament, uniq_azrael
D:15:     grunt_enter_depths_snipers, hangedman_decor_growths, serial_shops,
          nicolae_shop_stone, shop_fountains, shop, shop, shop
Temple:   jpeg_temple_island
Lair:1:   serial_bayou_shore_a
Lair:2:   serial_bayou_shore_b, uniq_prince_ribbit2, uniq_harold
Lair:3:   minmay_swamp_entry_worms
Lair:4:   nicolae_spider_entry_tight_spaces, beast_lair_carwin_7,
          grunt_megastairs_4
Lair:5:   minivault_24, minmay_hedge_maze
Lair:6:   minmay_lair_end_frog_pond, slime_altar_1
Swamp:1:  nicolae_swamp_dense_foliage, infiniplex_staircase_pool
Swamp:2:  evilmike_swamp_ruin_house_2
Swamp:3:  portal_ice_cave_entry_pillars_four, nicolae_swamp_rocky_clearing,
          swamp_pool1
Swamp:4:  swamp, swamp_pool5, uniq_jorgrun
Spider:2: nicolae_spider_circle_web, spider_trap
Spider:4: grunt_spider_rune_circles
Orc:2:    st_orc_pillars, nooodl_orcs_dogs, uniq_sonja
Vaults:1: nicolae_vaults_network_barrier, hangedman_vaults_stitches,
          nicolae_vaults_angled_halls, v_misc_9,
          nicolae_vaults_diagonal_hallway_8, vaults_dpeg_cross,
          hangedman_vaults_trim
Vaults:2: v_misc_32, st_spiral_rooms, minmay_crypt_entry_simple_box,
          v_pattern_2, vaults_mumra_chevron, v_rooms_4, vaults_dpeg_diagonal,
          v_alt_pattern_6, hangedman_vaults_locks, hangedman_vaults_cutoff,
          v_misc_24, vaults_dpeg_hooks
Vaults:3: grunt_vaults_hallway_long, hangedman_vaults_nails,
          nicolae_vaults_disjoint_gnomons, v_misc_1, nicolae_vaults_theta,
          nicolae_vaults_asterisk, v_misc_13, ontoclasm_vaults_hangar,
          nicolae_vaults_mini_display_case, vaults_mumra_hexcomb,
          nicolae_vaults_asterisk
Vaults:4: nicolae_vaults_twisting_passages, vaults_room_stairs_pillars,
          nicolae_vaults_network_star, v_misc_5, hangedman_vaults_restitches,
          nicolae_vaults_angled_halls, st_eye, v_misc_22,
          ontoclasm_vaults_twist, vaults_room_boxed, hangedman_vaults_impose,
          v_rooms_3, nicolae_vaults_big_angled_halls, vaults_room_hallway,
          vaults_room_semicircle
Depths:1: rand_demon_pan_entry_4, hell_entry, okawaru_ov_weapons_minmay,
          mu_enter_wizlab_5, nicolae_ashenzari_panopticon
Depths:2: minmay_eyes, abyss_entry, pf_hell_entry_tar_river, uniq_mara
Abyss:3:  due_evilmike_abyss_rune_seething_liches
Abyss:4:  evilmike_abyss_exit_2, doesnt_abyss_rune_brain_food, abyss_exit_lava,
          evilmike_abyss_exit_15
Abyss:5:  dshaligram_kb_abyss_rune_zappy_water_cross
WizLab:   wizlab_golubria

Skill      XL: |  1  2  3  4  5  6  7  8  9 10 11 12 13 14 15 16 17 18 19 20 21 |
---------------+----------------------------------------------------------------+-----
Fighting       | 4 5 6 9 10 12 14 15 16 17 18 20 21 | 21.1
Maces & Flails | 5 6 9 12 13 14 | 14.4
Armour         | 3 7 8 9 12 15 18 20 21 | 21.2
Dodging        | 3 6 8 9 12 13 15 17 18 19 20 21 | 21.0
Slings         | 5 6 8 9 12 13 14 | 14.3
Shields        | 4 5 10 15 16 17 | 17.3

Action                   |  1- 3 |  4- 6 |  7- 9 | 10-12 | 13-15 | 16-18 | 19-21 || total
-------------------------+-------+-------+-------+-------+-------+-------+-------++-------
Melee: Mace              |    62 |   141 |    49 |       |       |       |       ||   252
       Headbutt          |    10 |    26 |    50 |   184 |   546 |   762 |  1459 ||  3037
       Flail             |       |       |   211 |    89 |       |       |       ||   300
       Dire flail        |       |       |       |   119 |       |       |       ||   119
       Whip              |       |       |       |   453 |  1497 |  1931 |  3290 ||  7171
       Kick              |       |       |       |       |   378 |       |       ||   378
 Fire: Hunting sling     |       |       |       |    36 |    12 |   121 |    34 ||   203
Invok: Berserk           |       |     2 |     2 |     4 |     4 |     7 |     5 ||    24
       Burn Spellbooks   |       |       |     1 |     1 |     1 |     5 |     3 ||    11
       Brothers in Arms  |       |       |       |     2 |     4 |    11 |     7 ||    24
       Trog's Hand       |       |       |       |     2 |     3 |     8 |    11 ||    24
  Use: Scroll            |     5 |    10 |    10 |     9 |    20 |     9 |    12 ||    75
       Potion            |       |       |     1 |     1 |     3 |    14 |    11 ||    30
 Stab: Distracted        |       |       |       |     1 |     1 |     1 |     3 ||     6
       Sleeping          |       |       |       |       |       |     7 |       ||     7
  Eat: Chunk             |       |     7 |    11 |    20 |    31 |    28 |    40 ||   137
       Bread ration      |       |       |       |     1 |     1 |     3 |       ||     5
       Fruit             |       |       |       |       |     1 |     2 |     2 ||     5
       Royal jelly       |       |       |       |       |       |     5 |     3 ||     8
Armor: Ring mail         |    21 |    32 |       |       |       |       |       ||    53
       Chain mail        |       |    41 |   114 |       |       |       |       ||   155
       Plate armour      |       |       |    30 |     1 |       |       |   287 ||   318
       Scale mail        |       |       |       |   180 |   305 |    45 |       ||   530
       Swamp dragon scal |       |       |       |       |       |   651 |       ||   651
       Crystal plate arm |       |       |       |       |       |       |   455 ||   455
Dodge: Dodged            |    44 |    88 |   160 |   463 |  1090 |  2059 |  1333 ||  5237
Block: Buckler           |       |       |       |       |       |   357 |       ||   357
       Shield            |       |       |       |       |       |   475 |  1818 ||  2293
